 Dungeon Crawl Stone Soup version 0.31-a0-968-g24f9ace8b5 (webtiles) character file.

Game seed: 13208008525035912813

14 pokeman the Magician (level 2, -1/16 HPs)
             Began as a Deep Elf Hedge Wizard on Oct 28, 2023.
             Slain by an orc
             ... wielding a +0 dagger
              (2 damage)
             ... on level 2 of the Dungeon.
             The game lasted 00:01:03 (535 turns).

pokeman the Magician (Deep Elf Hedge Wizard)         Turns: 535, Time: 00:01:04

Health: -1/16      AC:  3    Str:  7    XL:     2   Next: 27%
Magic:  1/9        EV: 12    Int: 18    God:
Gold:   32         SH:  0    Dex: 14    Spells: 9/10 levels left

rFire   . . .        a - +0 dagger
rCold   . . .        (no shield)
rNeg    . . .        b - +0 robe
rPois   .            c - +0 hat
rElec   .            (no cloak)
rCorr   +            (no gloves)
SInv    .            g - +0 pair of boots
Will    .....        (no amulet)
Stlth   ++           e - ring of resist corrosion
HPRegen 0.22/turn    (no ring)
MPRegen 0.11/turn

%: no passive effects
@: no status effects
A: no striking features
a: no special abilities


You were on level 2 of the Dungeon.
You visited 1 branch of the dungeon, and saw 2 of its levels.

You collected 32 gold pieces.

Inventory:

Hand Weapons
 a - a +0 dagger (weapon)
Armour
 b - a +0 robe (worn)
 c - a +0 hat (worn)
 g - a +0 pair of boots (worn)
Jewellery
 e - a ring of resist corrosion (left hand)
Potions
 d - a potion of magic
 f - a potion of brilliance {unknown}
 h - a potion of mutation {unknown}
 i - a potion of curing {unknown}


   Skills:
 + Level 0.4 Fighting
 + Level 0.4 Armour
 - Level 2.4 Dodging
 - Level 2.4 Stealth
 * Level 4.8 Spellcasting
 + Level 1.5 Conjurations
 - Level 1.1 Summonings
 - Level 1.1 Translocations


You had 9 spell levels left.
You knew the following spells:

 Your Spells              Type           Power      Damage    Failure   Level
a - Magic Dart            Conj           36%        1d4       8%          1

Your spell library contained the following spells:

 Spells                   Type           Power      Damage    Failure   Level
 Blink                    Tloc           16%        N/A       13%         2
 Call Imp                 Summ           16%        N/A       13%         2
 Slow                     Hex            16%        N/A       14%         1
 Cigotuvi's Dreadful Rot  Necr/Pois/Air  8%         N/A       21%         2
 Mephitic Cloud           Conj/Pois/Air  6%         N/A       32%         3


Dungeon Overview and Level Annotations

Branches:
Dungeon (1/15)

Altars:

Annotations:
D:2 Natasha


Message History

You miscast Magic Dart.
You are very lightly contaminated with residual magic.
Nothing appears to happen.
The orc hits you but does no damage. The orc barely misses you.
Casting: Magic Dart (safe; 8% risk of failure)
Confirm with . or Enter, or press ? or * to list all spells.
Aiming: Magic Dart (safe; 8% risk of failure)
Press: ? - help, Shift-Dir - straight line, f/p - orc
Aim: an orc, wielding a +0 dagger and wearing a +0 ring mail (100% to hit)
The magic dart hits the orc but does no damage.
The orc barely misses you. The orc hits you with a +0 mace.
Casting: Magic Dart (safe; 8% risk of failure)
Confirm with . or Enter, or press ? or * to list all spells.
You don't have enough magic to cast this spell.
Unknown command.
You closely miss the orc. The orc hits you with a +0 dagger.
* * * LOW HITPOINT WARNING * * *
The orc misses you.
You hit the orc but do no damage. The orc closely misses you.
The orc hits you but does no damage.
You hit the orc.
The orc is lightly wounded.
The orc closely misses you. The orc hits you but does no damage.
You closely miss the orc.
The orc is lightly wounded.
The orc misses you. x2
You hit the orc.
The orc is heavily wounded.
The orc closely misses you. The orc barely misses you.
Your magical contamination has completely faded away.
An adder comes into view.
The adder hisses angrily.
The orc attacks as it pursues you! The orc misses you.
The orc attacks as it pursues you! The orc misses you.
The orc attacks as it pursues you! The orc hits you with a +0 dagger.
* * * LOW HITPOINT WARNING * * *
The orc attacks as it pursues you! The orc hits you with a +0 dagger.
* * * LOW HITPOINT WARNING * * *
The orc attacks as it pursues you! The orc hits you with a +0 dagger.
You die...

#[....... #........
######### #........
#......[# #........
#.......# #.....†?.
#.......## #........
####........####........
###....####....)##........
........# #.....@.........
...#....# #....##o........
..##....###....##.##.....#
..............o.S.[###.#..
..##.....#................
..##............#####.....
........#.......# ....
.##.....#........ .. .
........## #


You could see an orc.

Vanquished Creatures
  An orc (D:2)
  A ball python (D:1)
  An endoplasm (D:1)
  A giant cockroach (D:1)
  A goblin (D:1)
  2 jackals (D:1)
  2 bats (D:1)
  2 rats
11 creatures vanquished.

Notes
Turn   | Place    | Note
-------+----------+-------------------------------------------
     0 | D:1      | pokeman the Deep Elf Hedge Wizard began the quest for the
                  | Orb.
     0 | D:1      | Reached XP level 1. HP: 10/10 MP: 7/7
   326 | D:1      | Reached XP level 2. HP: 15/15 MP: 3/9
   469 | D:1      | You fall into a shaft and drop 1 floor!
   486 | D:2      | Noticed Natasha
   535 | D:2      | Slain by an orc

Illustrated notes

Levels and vault maps discovered:
D:1:      dpeg_arrival_rooms_c, layout_rooms, chequers_ecumenical_altar_simple
D:2:      layout_rooms, uniq_jessica, uniq_natasha

Action                     || total
---------------------------++-------
  Melee: Dagger            ||    12
   Cast: Magic Dart        ||    36
 Armour: Robe              ||    14
  Dodge: Dodged            ||    19

Table legend: (Time is in decaauts)
 A = Elapsed time spent in this place.
 B = Non-inter-level travel time spent in this place.
 C = Inter-level travel time spent in this place.
 D = Time resting spent in this place.
 E = Time spent auto-exploring this place.
 F = Levels seen in this place.
 G = Mean time per level.
                   A        B        C        D        E       F      G
               +--------+--------+--------+--------+--------+-----+--------+
         Total |    534 |    534 |      0 |      0 |    423 |   2 |  267.0 |
       Dungeon |    534 |    534 |      0 |      0 |    423 |   2 |  267.0 |
               +--------+--------+--------+--------+--------+-----+--------+

Top non-repeatable levels by time:
     D:1: 468 daAuts
     D:2: 65 daAuts
